[Event "GCT Superbet Blitz Poland 2025"]
[Site "Warsaw"]
[Date "2025.04.30"]
[Round "16"]
[White "Praggnanandhaa R"]
[Black "Topalov, Veselin"]
[Result "1-0"]
[ECO "A30"]
[WhiteElo "2758"]
[BlackElo "2717"]
[Annotator "ChessBase"]
[PlyCount "95"]
[EventDate "2025.??.??"]
[EventType "blitz"]
[TimeControl "300+2"]

1. b3 Nf6 2. Bb2 c5 3. c4 e6 4. Nf3 b6 5. g3 Bb7 6. Bg2 Be7 7. O-O O-O 8. d4 cxd4 9. Qxd4 d6 10. Nc3 a6 11. Rfd1 Nbd7 12. e4 Qc7 13. Qe3 Rfe8 14. Rac1 Rad8 15. Nd4 Bf8 16. Re1 Qb8 17. h3 g6 18. Rcd1 Ba8 $146 ({RR} 18... Bg7 19. Nc2 Nc5 {½-½ (19) Liberzon,V (2545)-Ermenkov,E (2495) Skara 1980}) 19. g4 Bg7 20. Qg3 Nc5 21. Ba1 e5 22. Nc2 Ne6 23. Bb2 Bh6 24. h4 Bf4 25. Qh3 Bb7 26. Nb4 g5 27. Nbd5 Bxd5 28. exd5 Nd4 29. hxg5 Bxg5 30. Ne4 Nxe4 31. Bxe4 h6 32. Kg2 Kg7 33. Rxd4 exd4 34. Bxd4+ Kf8 35. Qf3 Re5 36. Bxe5 dxe5 37. Qf5 Qd6 38. Bd3 Bf4 39. g5 hxg5 40. Rh1 Ke7 41. Rh7 Rf8 42. Qh3 Qf6 43. b4 e4 44. Bxe4 Qe5 45. Bf3 Qd4 46. Qe6+ Kd8 47. Rxf7 Rh8 48. Qd7# 1-0

[Event "GCT Superbet Blitz Poland 2025"]
[Site "Warsaw"]
[Date "2025.04.30"]
[Round "16"]
[White "Aravindh, Chithambaram VR."]
[Black "Firouzja, Alireza"]
[Result "0-1"]
[ECO "A49"]
[WhiteElo "2749"]
[BlackElo "2757"]
[Annotator "ChessBase"]
[PlyCount "80"]
[EventDate "2025.??.??"]
[EventType "blitz"]
[TimeControl "300+2"]

1. Nf3 Nf6 2. g3 g6 3. Bg2 Bg7 4. O-O O-O 5. d4 d6 6. Nc3 Nbd7 7. a4 a5 8. b3 d5 ({RR} 8... Re8 9. Ba3 d5 10. Re1 c6 11. e4 Nxe4 12. Nxe4 dxe4 13. Rxe4 Nf6 14. Re1 Bg4 15. h3 Bxf3 16. Qxf3 e6 17. Rad1 Qb6 18. c4 Rad8 19. Qe3 Qa6 20. Qf3 h5 21. Bc1 Rd7 22. Rd3 Qb6 23. Red1 {Artemiev,V (2714)-Karjakin,S (2750) Moscow RUS 2023 ½-½}) ({RR} 8... Re8 9. Ba3 e5 10. dxe5 Ng4 11. Qd2 Ngxe5 12. Nxe5 Nxe5 13. Rad1 h5 14. h3 Bd7 15. Kh2 Qc8 16. Nd5 Qd8 17. Nxc7 Qxc7 18. Bxd6 Qb6 19. Bxe5 Rxe5 20. Qxd7 Rxe2 21. Qxb7 Qxb7 22. Bxb7 Rb8 23. Ba6 {Aradhya,G (2390)-Badrinath,S (2026) Bangalore IND 2024 ½-½ (92)}) ({RR} 8... c6 9. Ba3 Qc7 10. e4 Re8 11. Qd2 Bf8 12. Rfe1 e5 13. Rad1 Rb8 14. Qd3 Be7 15. h3 Nf8 16. Bb2 N8d7 17. g4 h6 18. Bc1 Bf8 19. Be3 Bg7 20. Qd2 Kh7 21. g5 hxg5 22. Nxg5+ Kg8 23. f4 {Aravindh,C (2607)-Halmeenmaki,T (2114) La Roda ESP 2023 1-0 (33)}) 9. Re1 $146 ({RR} 9. Ba3 c6 10. Ne1 Re8 11. f4 Ng4 12. Bc1 c5 13. e3 cxd4 14. exd4 Nb6 15. h3 Nf6 16. Kh2 Ne4 17. Ne2 Nd6 18. g4 Bd7 19. Ra2 Rc8 20. Bd2 Ra8 21. Nd3 Bc6 22. c3 Nd7 23. Be1 Nf6 {Willemze,T (2371)-De Winter,A (2360) Oer-Erkenschwick GER 2023 1-0 (64)}) ({RR} 9. Ba3 c6 10. Ne1 Re8 11. f4 Ng4 12. Bc1 c5 13. e3 cxd4 14. exd4 Nb6 15. h3 Nf6 16. Kh2 Ne4 17. Ne2 Nd6 18. g4 Bd7 19. Ra2 Rc8 20. Bd2 Ra8 21. Nd3 Bc6 22. c3 Nd7 23. Be1 Nf6 {Willemze,T (2371)-De Winter,A (2360) Oer-Erkenschwick GER 2023 1-0 (64)}) 9... c6 10. Bb2 Ne4 11. Nxe4 dxe4 12. Ng5 e3 13. fxe3 Bh6 14. Ne4 Bxe3+ 15. Kh1 Nb6 16. Qd3 Bh6 17. Nf2 Bg7 18. e4 e5 19. dxe5 Qc7 20. Rad1 Nd7 21. e6 Nc5 22. Qe3 Bxb2 23. Qxc5 Bxe6 24. c3 b6 25. Qe3 Ba3 26. e5 Bc5 27. Qf4 Bxf2 28. Qxf2 Bxb3 29. Rd6 Bxa4 30. c4 Rae8 31. Qd2 Re7 32. Ra1 b5 33. Qd4 Bb3 34. c5 a4 35. h4 Rfe8 36. Re1 Qa5 37. Rf1 Rxe5 38. Bxc6 Re1 39. Qf4 Rxf1+ 40. Qxf1 Re1 0-1

[Event "GCT Superbet Blitz Poland 2025"]
[Site "Warsaw"]
[Date "2025.04.30"]
[Round "16"]
[White "Aronian, Levon"]
[Black "Vachier-Lagrave, Maxime"]
[Result "1/2-1/2"]
[ECO "D85"]
[WhiteElo "2747"]
[BlackElo "2722"]
[Annotator "ChessBase"]
[PlyCount "123"]
[EventDate "2025.??.??"]
[EventType "blitz"]
[TimeControl "300+2"]

1. d4 Nf6 2. c4 g6 3. Nc3 d5 4. Nf3 Bg7 5. cxd5 Nxd5 6. e4 Nxc3 7. bxc3 c5 8. Rb1 O-O 9. Be2 cxd4 10. cxd4 Qa5+ 11. Bd2 Qxa2 12. O-O Bg4 13. Rxb7 Bxf3 14. Bxf3 Bxd4 15. Bb4 Nc6 ({RR} 15... Rd8 16. Qc1 Na6 17. Bxe7 Rac8 18. Qf4 ({RR} 18. Qg5 Nc5 19. Bxc5 Bxc5 20. Bg4 Rd2 21. Rxf7 Kxf7 22. Bxc8 Bxf2+ 23. Kh1 Qc4 24. Qf4+ Kg7 25. Qe5+ Kh6 26. Qf4+ Kg7 27. Qe5+ Kh6 28. Qf4+) 18... Nc5 19. Bxd8 ({RR} 19. Bxc5 Rxc5 ({RR} 19... Bxc5 20. Bg4 Rc6 21. e5 Rd2 22. Qh6 Rd8 23. Qf4 Rd2 24. Qh6) 20. Bd1 Be5 21. Qh4 ({RR} 21. Qe3 Qa5 22. Bb3 Rc7) 21... Rf8 22. Bb3 Qa5 23. Qe7 Rc7 24. Rxc7 Qxc7 25. Qxc7 Bxc7) 19... Nxb7 20. Bf6 Bxf6 21. Qxf6 Nc5 ({RR} 21... Qe6 22. Qd4 Qb6 23. Qxb6 axb6 24. Rb1 Nc5 25. h4 Re8 26. Rxb6 Nxe4) 22. h4 Qe6 23. Qxe6 ({RR} 23. Qa1 Nxe4 24. Re1 f5 25. Bxe4 fxe4 26. Qxa7 Re8 27. Qa4 Re7 28. Re3 Qd5 29. Qc2 Kf7 30. Qe2 Re6 31. Ra3 Re7 32. Qg4 Qf5 33. Qd1 Qe5 34. Qd8 Qc5 35. Re3 Qc1+ 36. Kh2 Qc7+ 37. Qxc7 Rxc7) 23... Nxe6 ({RR} 23... fxe6 24. Ra1 Rc7 25. Ra5 e5) 24. Ra1 Rc7 ({RR} 24... Nc5 25. Rxa7 Re8 26. g3 Nxe4 27. Bxe4 Rxe4 28. Kg2 h5 29. Ra5 Kg7 30. Kf3 Rb4 31. Kg2) 25. Kh2 Kg7 26. Kg3 Kf6 27. Bg4 Nc5 28. Kf4 Re7 29. f3 h5 30. Bh3 {Khusenkhojaev,M (2283)-Kulaots,K (2506) Budapest HUN 2024 ½-½ (35)}) 16. Bxe7 Nxe7 17. Qxd4 Qe6 18. e5 $146 ({RR} 18. Rd1 Nc6 19. Qa1 Rab8 20. Rbd7 Ne5 21. Rxa7 Nxf3+ 22. gxf3 Rb5 23. Rd5 Rxd5 24. exd5 Qxd5 25. Qf6 Re8 {½-½ (25) Polak,T (2528)-Ftacnik,L (2507) Czech Republic 2022}) ({RR} 18. Bd1 Nc6 19. Qc5 Rac8 20. Bb3 Qxe4 21. Bd5 Qd4 22. Qxd4 Nxd4 {½-½ (22) Zhou,J (2462)-Volokitin,A (2606) Riga 2021}) ({RR} 18. Bd1 Nc6 19. Qc5 Rac8 20. Bb3 Qxe4 21. Bd5 Qd4 22. Qxd4 Nxd4 {½-½ (22) Zhou,J (2462)-Volokitin,A (2606) Riga 2021}) 18... Nc6 19. Bxc6 Qxc6 20. Rxa7 Rxa7 21. Qxa7 Ra8 22. Qe3 h5 23. h3 Qd5 24. Rc1 Re8 25. Rc5 Qe6 26. Kh2 Kg7 27. Qd4 Ra8 28. Rd5 Ra4 29. Qxa4 Qxd5 30. Qf4 Kg8 31. Qf6 Qe4 32. Qd8+ Kg7 33. Qg5 h4 34. Qf6+ Kg8 35. g4 hxg3+ 36. Kxg3 Qd4 37. Qf4 Qd1 38. Kh2 Qd5 39. h4 Qd1 40. Qe4 Kg7 41. Qf4 Kg8 42. Kg2 Qd3 43. Qf3 Qd4 44. Qf6 Qg4+ 45. Kh2 Qe2 46. Qd8+ Kg7 47. Qd4 Kg8 48. Kg3 Qe1 49. Kg2 Qe2 50. Qf4 Qd3 51. Kh2 Qe2 52. Kg3 Qd1 53. Qf3 Qd4 54. Qe3 Qc4 55. Qf4 Qe2 56. Kh2 Kg7 57. Kg2 Kg8 58. Qd4 Kh7 59. Qf4 Kg8 60. Qd4 Kh7 61. Qf4 Kg8 62. Qd4 1/2-1/2

[Event "GCT Superbet Blitz Poland 2025"]
[Site "Warsaw"]
[Date "2025.04.30"]
[Round "16"]
[White "Deac, Bogdan-Daniel"]
[Black "Fedoseev, Vladimir"]
[Result "1/2-1/2"]
[ECO "B33"]
[WhiteElo "2668"]
[BlackElo "2739"]
[Annotator "ChessBase"]
[PlyCount "82"]
[EventDate "2025.??.??"]
[EventType "blitz"]
[TimeControl "300+2"]

1. e4 c5 2. Nf3 Nc6 3. d4 cxd4 4. Nxd4 Nf6 5. Nc3 e5 6. Ndb5 d6 7. Bg5 a6 8. Na3 b5 9. Nd5 Be7 10. Bxf6 Bxf6 11. c3 Bg5 12. Nc2 Ne7 13. Ncb4 O-O 14. a4 bxa4 15. Rxa4 Nxd5 16. Nxd5 a5 17. Bc4 Bd7 18. Ra3 a4 19. O-O Kh8 20. b3 axb3 21. Rxa8 Qxa8 22. Nb6 Qc6 23. Nxd7 Qxd7 24. Qxb3 g6 $146 ({RR} 24... Qc7 25. Bd5 g6 26. g3 Rb8 27. Qa3 Kg7 28. Kg2 Bd2 29. Rd1 Bg5 30. h4 Be7 31. Rd3 Qb6 32. Rf3 Rf8 33. Qa2 f5 34. Qa4 fxe4 35. Rxf8 Kxf8 36. Qd7 Qd8 37. Qe6 Kg7 38. Qf7+ Kh8 39. Bxe4 {Triapishko,A (2506)-Das,S (2431) Chess.com INT 2020 1-0 (46)}) ({RR} 24... Qc7 25. Bd5 g6 26. g3 Rb8 27. Qa3 Kg7 28. Kg2 Bd2 29. Rd1 Bg5 30. h4 Be7 31. Rd3 Qb6 32. Rf3 Rf8 33. Qa2 f5 34. Qa4 fxe4 35. Rxf8 Kxf8 36. Qd7 Qd8 37. Qe6 Kg7 38. Qf7+ Kh8 39. Bxe4 {Triapishko,A (2506)-Das,S (2431) Chess.com INT 2020 1-0 (46)}) 25. Bd5 f5 26. c4 Qa7 27. exf5 gxf5 28. g3 Bd8 29. Kg2 Bb6 30. Qc2 Bd4 31. Rb1 Qg7 32. Qe2 e4 33. Rb7 Qg6 34. Qd2 Be5 35. Kf1 Qh5 36. Kg1 Qg6 37. Qe2 Qg5 38. Kg2 Qg6 39. Kg1 Qg5 40. Kg2 Qg6 41. Kg1 Qg5 1/2-1/2

[Event "GCT Superbet Blitz Poland 2025"]
[Site "Warsaw"]
[Date "2025.04.30"]
[Round "16"]
[White "Gavrilescu, David"]
[Black "Duda, Jan-Krzysztof"]
[Result "0-1"]
[ECO "B83"]
[WhiteElo "2554"]
[BlackElo "2739"]
[Annotator "ChessBase"]
[PlyCount "216"]
[EventDate "2025.??.??"]
[EventType "blitz"]
[TimeControl "300+2"]

1. e4 c5 2. Nf3 e6 3. Be2 Nc6 4. O-O Nf6 5. Nc3 d6 6. d4 cxd4 7. Nxd4 Be7 8. Nxc6 bxc6 9. Qd3 O-O 10. Qg3 d5 11. Bh6 Ne8 12. Bf4 a5 ({RR} 12... Bh4 13. Qf3 Bg5 14. Bxg5 Qxg5 15. Na4 Nf6 16. Bd3 e5 17. Rfe1 Re8 18. Qg3 h6 19. c3 a5 20. Rad1 Rb8 21. b3 Nh5 22. Qxg5 hxg5 23. Bc2 Nf6 24. h3 Kf8 25. Re3 g6 26. Rde1 Nd7 27. Rg3 {Firouzja,A (2777)-Sarana,A (2682) Douglas IOM 2023 ½-½ (58)}) 13. Rad1 a4 $146 ({RR} 13... Bd6 14. e5 Be7 15. Ne4 Ba6 16. c4 Qb6 17. Ng5 Bxc4 18. Bxc4 dxc4 19. Rd7 Ra7 20. Be3 Bc5 21. Bxc5 Qxc5 22. Ne4 Qb6 23. Nf6+ Kh8 24. Qa3 c5 25. Rxa7 Qxa7 26. Ne4 Nc7 27. g3 Nd5 28. Qxc5 {Kramnik,V (2753)-Makarian,R (2545) chess.com INT 2023 ½-½ (48)}) ({RR} 13... Bd6 14. e5 Be7 15. Ne4 Ba6 16. c4 Qb6 17. Ng5 Bxc4 18. Bxc4 dxc4 19. Rd7 Ra7 20. Be3 Bc5 21. Bxc5 Qxc5 22. Ne4 Qb6 23. Nf6+ Kh8 24. Qa3 c5 25. Rxa7 Qxa7 26. Ne4 Nc7 27. g3 Nd5 28. Qxc5 {Kramnik,V (2753)-Makarian,R (2545) chess.com INT 2023 ½-½ (48)}) 14. b3 a3 15. exd5 cxd5 16. Nb5 Ba6 17. c4 Bxb5 18. cxb5 Bd6 19. Rc1 Qb8 20. Bxd6 Nxd6 21. Qd3 Ra7 22. b4 Rb7 23. Rc5 g6 24. g3 Rd8 25. Qxa3 Nxb5 26. Rxb5 Rxb5 27. Bxb5 Qxb5 28. Qb3 d4 29. a4 Qe2 30. b5 d3 31. b6 d2 32. Rd1 Rd3 33. Qb1 Rd7 34. Qc2 e5 35. b7 Rxb7 36. Qxd2 Qxd2 37. Rxd2 Rb1+ 38. Kg2 Ra1 39. Rd5 e4 40. Rd4 f5 41. g4 Kg7 42. gxf5 gxf5 43. Kg3 Ra3+ 44. Kg2 Kg6 45. Rb4 Kg5 46. Rc4 h5 47. h3 Ra2 48. Kf1 Kh4 49. Kg2 Kg5 50. Kf1 Ra1+ 51. Kg2 Ra3 52. Rb4 Ra2 53. Kf1 Kf4 54. Rc4 h4 55. Rb4 Ra3 56. Kg2 Ra1 57. Rc4 Ra2 58. Kf1 Ke5 59. Rb4 f4 60. Rb5+ Kd4 61. Rb4+ Kd3 62. Rb3+ Kc4 63. Rb8 Rxa4 64. Rd8 f3 65. Ke1 Ra2 66. Rd7 Kc3 67. Rc7+ Kd4 68. Rd7+ Ke5 69. Rh7 Ra1+ 70. Kd2 Ra2+ 71. Ke1 Kd4 72. Rd7+ Kc4 73. Rd8 Re2+ 74. Kf1 Rc2 75. Ke1 Kc3 76. Rc8+ Kb2 77. Rb8+ Kc1 78. Rh8 Re2+ 79. Kf1 Rd2 80. Rc8+ Kd1 81. Ra8 Re2 82. Ra1+ Kd2 83. Ra2+ Kd3 84. Ra3+ Kd4 85. Ra4+ Kc3 86. Ra8 Rd2 87. Rc8+ Kd3 88. Rd8+ Kc2 89. Rc8+ Kb1 90. Ke1 Re2+ 91. Kf1 Rc2 92. Rb8+ Kc1 93. Re8 Kd2 94. Rd8+ Kc1 95. Re8 Rc4 96. Ke1 Kc2 97. Rd8 Rb4 98. Rc8+ Kd3 99. Rd8+ Rd4 100. Rh8 e3 101. fxe3 Kxe3 102. Re8+ Kf4 103. Rg8 Ke3 104. Re8+ Re4 105. Rxe4+ Kxe4 106. Kf1 Kf5 107. Kg1 Ke5 108. Kf1 Ke4 0-1

[Event "GCT Superbet Blitz Poland 2025"]
[Site "Warsaw"]
[Date "2025.04.28"]
[Round "17"]
[White "Praggnanandhaa R"]
[Black "Aravindh, Chithambaram VR."]
[Result "1-0"]
[ECO "A01"]
[WhiteElo "2758"]
[BlackElo "2749"]
[Annotator "ChessBase"]
[PlyCount "88"]
[EventDate "2025.??.??"]
[EventType "blitz"]
[TimeControl "300+2"]

1. b3 b6 2. e4 Bb7 3. Nc3 e6 4. Bb2 c5 ({RR} 4... Nf6 5. e5 Nd5 6. Nxd5 Bxd5 7. Qg4 h5 8. Qf4 g5 9. Qe3 a5 10. a3 Bb7 11. Nf3 g4 12. Nd4 Nc6 13. Nb5 Bh6 14. Qc3 Bg7 15. d4 d6 16. exd6 cxd6 17. h3 f5 18. hxg4 hxg4 19. Rxh8+ {Carlsen,M (2855)-So,W (2778) chess24.com INT 2021 1-0}) ({RR} 4... d5 5. d3 Nf6 6. e5 Nfd7 7. d4 c5 8. Nf3 Nc6 9. Nb5 a6 10. Nd6+ Bxd6 11. exd6 cxd4 12. Nxd4 Nxd4 13. Qxd4 e5 14. Qg4 O-O 15. O-O-O f5 16. Qh3 Rc8 17. Kb1 Qf6 18. Bd3 Nc5 19. f4 {Iniyan,P (2513)-Miszler,L (2270) chess.com INT 2024 1-0}) 5. d4 cxd4 6. Qxd4 Nf6 $146 ({RR} 6... Nc6 7. Qd2 Nf6 8. O-O-O Bb4 9. f3 d5 10. a3 Bxc3 11. Qxc3 O-O 12. exd5 exd5 13. Ne2 Rc8 14. Nd4 Nxd4 15. Qxd4 Qc7 16. Bd3 Rfe8 17. Kb1 h6 18. g4 Qc5 19. Qf4 Qc7 20. Qd2 Nd7 21. g5 {Daneshvar,B (2490)-Santos Ruiz,M (2581) Chess.com INT 2022 1-0}) ({RR} 6... Nc6 7. Qd2 Nf6 8. O-O-O Bb4 9. f3 d5 10. a3 Bxc3 11. Qxc3 O-O 12. exd5 exd5 13. Ne2 Rc8 14. Nd4 Nxd4 15. Qxd4 Qc7 16. Bd3 Rfe8 17. Kb1 h6 18. g4 Qc5 19. Qf4 Qc7 20. Qd2 Nd7 21. g5 {Daneshvar,B (2490)-Santos Ruiz,M (2581) Chess.com INT 2022 1-0}) 7. f3 Bc5 8. Qd2 d5 9. O-O-O O-O 10. Nge2 Nc6 11. exd5 exd5 12. Na4 Re8 13. Nxc5 bxc5 14. Nc3 d4 15. Na4 Qd6 16. Ba3 Nd7 17. Bd3 a5 18. Be4 Reb8 19. Rhe1 Nb4 20. c3 Qc7 21. cxb4 cxb4+ 22. Qc2 Qxc2+ 23. Bxc2 bxa3 24. Rxd4 Nf6 25. Nb6 Ra6 26. Nc4 a4 27. bxa4 Bd5 28. Nxa3 g6 29. Re5 Bxa2 30. Rb5 Rc8 31. Kb2 Be6 32. Bb3 Bxb3 33. Kxb3 Re6 34. Nc4 Re1 35. Rd2 Rb1+ 36. Rb2 Rc1 37. Nb6 R8c6 38. a5 Ne8 39. a6 Nc7 40. a7 Ra1 41. Ra2 Rb1+ 42. Rb2 Ra1 43. Rb4 Rxa7 44. Nc8 Raa6 1-0

[Event "GCT Superbet Blitz Poland 2025"]
[Site "Warsaw"]
[Date "2025.04.28"]
[Round "17"]
[White "Duda, Jan-Krzysztof"]
[Black "Deac, Bogdan-Daniel"]
[Result "1/2-1/2"]
[ECO "C54"]
[WhiteElo "2739"]
[BlackElo "2668"]
[Annotator "ChessBase"]
[PlyCount "168"]
[EventDate "2025.??.??"]
[EventType "blitz"]
[TimeControl "300+2"]

1. e4 e5 2. Bc4 Nf6 3. d3 Nc6 4. Nf3 Bc5 5. c3 d6 6. O-O a5 7. Nbd2 O-O 8. Re1 Ba7 9. Nf1 Be6 ({RR} 9... Ne7 10. d4 Ng6 11. h3 Be6 12. Bxe6 fxe6 13. Ng3 Qe8 14. Be3 Nd7 15. a4 Bb6 16. b4 h6 17. b5 Qf7 18. Ra2 Nf4 19. Kh2 Ng6 20. Rd2 Rae8 21. Rc2 Kh7 22. Qd3 Nf4 23. Qd1 Ng6 24. Nd2 {Niemann,H (2676)-Deac,B (2692) chess.com INT 2024 0-1 (50)}) 10. b3 $146 ({RR} 10. Bb5 Ne7 11. Ng3 Ng6 12. h3 c6 13. Ba4 d5 14. exd5 Nxd5 15. d4 exd4 16. Nxd4 Qc7 17. Qf3 Bxd4 18. cxd4 Qb6 19. Rd1 Rad8 20. Bb3 Nc7 21. Nf5 Bxb3 22. axb3 Qb5 23. h4 h5 24. Bd2 b6 {Duda,J (2743)-Carlsen,M (2862) Wijk aan Zee 2021 ½-½ (51)}) ({RR} 10. Bb5 Ne7 11. d4 c6 12. Bd3 Ng6 13. h3 Nh5 14. Be3 Nhf4 15. Bc2 Qc8 16. Bb3 exd4 17. Nxd4 Bxd4 18. Qxd4 Bxb3 19. axb3 d5 20. Qd2 Nxh3+ 21. gxh3 Qxh3 22. f4 Nh4 23. Nh2 dxe4 24. Qf2 Rfe8 {So,W (2770)-Carlsen,M (2862) chess24.com INT 2021 ½-½ (54)}) ({RR} 10. Bb3 Bxb3 11. Qxb3 a4 12. Qc2 h6 13. h3 Re8 14. Bd2 b5 15. Ng3 Qd7 16. Rad1 Rad8 17. d4 exd4 18. cxd4 d5 19. e5 Ne4 20. Nxe4 dxe4 21. Rxe4 Nxd4 22. Nxd4 Bxd4 23. Be3 c5 24. Qd3 Qd5 {Meng,Y (2412)-Costa,L (2503) Petrovac MNE 2025 ½-½ (34)}) ({RR} 10. Bb5 Ne7 11. d4 Ng6 12. h3 exd4 13. Nxd4 Bd7 14. Bxd7 Nxd7 15. Ng3 Re8 16. f4 Qh4 17. Ngf5 Qf6 18. Kh2 Bxd4 19. Nxd4 Nc5 20. f5 Ne5 21. Nf3 h6 22. Re2 g5 23. Ne1 Nc6 24. Qc2 Qe5+ {Moussard,J (2611)-Sadhwani,R (2654) chess.com INT 2024 0-1 (62)}) ({RR} 10. Bb5 Ne7 11. d4 Ng6 12. h3 exd4 13. cxd4 d5 14. e5 Ne4 15. Be3 f5 16. exf6 Qxf6 17. N1h2 c6 18. Bd3 Bb8 19. Qc2 Nh4 20. Nxh4 Qxh4 21. f3 Nf6 22. Bf2 Bxh2+ 23. Kxh2 Ng4+ 24. Kg1 Nxf2 {Pulpan,J (2378)-Nothnagel,M (2410) Prague CZE 2024 ½-½}) 10... h6 11. Ng3 Re8 12. h3 d5 13. exd5 Bxd5 14. Bb5 Qd6 15. Nf5 Qc5 16. Bxc6 Qxf2+ 17. Kh1 Bxc6 18. Rf1 Bxf3 19. gxf3 Qb6 20. d4 Qe6 21. Qd3 exd4 22. cxd4 Qe2 23. Qxe2 Rxe2 24. Rg1 g6 25. Bxh6 Rae8 26. Rad1 c6 27. Bf4 Nd5 28. Bd6 R8e6 29. Bh2 Rxa2 30. Ng3 Rb2 31. Ne4 Rxb3 32. Rb1 Rxb1 33. Rxb1 b5 34. Ng5 Re8 35. Rc1 Rc8 36. Ne4 a4 37. Nd6 Ra8 38. Rxc6 b4 39. Ra6 a3 40. Nb5 b3 41. Rxa3 b2 42. Rb3 Bb6 43. Rxb2 Rc8 44. Rb1 Rc2 45. Be5 f6 46. Bg3 Rc6 47. h4 Kg7 48. Bf2 Bd8 49. Kg1 Rb6 50. Kf1 Be7 51. Nc3 Rxb1+ 52. Nxb1 Kf7 53. Nd2 Ke6 54. Nc4 Nf4 55. Ne3 Nd5 56. Nc2 Nf4 57. Bg3 Nd5 58. Ke2 f5 59. Kd3 Nb6 60. Ne3 Nd5 61. Nc4 Bf6 62. Bf2 Nf4+ 63. Kc3 Ne2+ 64. Kd3 Nf4+ 65. Kd2 Ng2 66. Nb6 Bxh4 67. Bxh4 Nxh4 68. Ke3 g5 69. Nc4 Ng6 70. Nb6 Ne7 71. Nc4 Nd5+ 72. Kf2 Nf6 73. Ne3 Nd5 74. Nc4 Ne7 75. Ke3 Nd5+ 76. Kd2 g4 77. fxg4 fxg4 78. Ne5 g3 79. Ke2 Nf4+ 80. Kf3 g2 81. Kf2 Kd5 82. Nf3 Ke4 83. Ne1 Kxd4 84. Nxg2 Nxg2 1/2-1/2

[Event "GCT Superbet Blitz Poland 2025"]
[Site "Warsaw"]
[Date "2025.04.28"]
[Round "17"]
[White "Vachier-Lagrave, Maxime"]
[Black "Firouzja, Alireza"]
[Result "1/2-1/2"]
[ECO "B18"]
[WhiteElo "2722"]
[BlackElo "2757"]
[Annotator "ChessBase"]
[PlyCount "161"]
[EventDate "2025.??.??"]
[EventType "blitz"]
[TimeControl "300+2"]

1. e4 c6 2. d4 d5 3. Nc3 dxe4 4. Nxe4 Bf5 5. Ng3 Bg6 6. h4 h6 7. Bd3 Bxd3 8. Qxd3 e6 9. Bd2 Nf6 10. N1e2 Be7 11. O-O-O O-O 12. Kb1 c5 13. Be3 $146 ({RR} 13. Ne4 Nbd7 14. Nxf6+ Nxf6 15. f3 b5 16. Qxb5 Rb8 17. Qa4 Qb6 18. Bc1 Rfc8 19. c4 cxd4 20. Rxd4 e5 21. Rd2 Qc5 22. a3 e4 23. Rhd1 exf3 24. gxf3 Bf8 25. Rc2 Qh5 26. Qxa7 Qxf3 27. Qe3 Qa8 {Maurizzi,M (2620)-Donchenko,A (2633) Biel SUI 2024 0-1 (58)}) ({RR} 13. Ne4 cxd4 14. Nxd4 Nc6 15. Nxc6 bxc6 16. Qxd8 Rfxd8 17. Nxf6+ Bxf6 18. h5 Rd5 19. Be3 Rb8 20. b3 a5 21. c4 Rxd1+ 22. Rxd1 a4 23. Rd3 axb3 24. Rxb3 Rxb3+ 25. axb3 Kf8 26. Kc2 Ke7 27. Kd3 Kd6 {Van Foreest,J (2682)-Srihari,L (2414) Chess.com INT 2020 ½-½ (53)}) ({RR} 13. Ne4 Nxe4 14. Qxe4 Qb6 15. Qg4 Kh7 16. Bc3 Rg8 17. d5 Bf6 18. Qe4+ Kh8 19. Bxf6 gxf6 20. Qf4 Kg7 21. Ng3 f5 22. dxe6 {1-0 (22) Mastrovasilis,D (2604)-Argiroudis,S (2242) Thessaloniki 2020}) 13... Nc6 14. dxc5 Qxd3 15. Rxd3 Ng4 16. Ne4 f5 17. Nd6 e5 18. f3 Nxe3 19. Rxe3 b6 20. Nc3 bxc5 21. Nc4 Bf6 22. Nd5 Rad8 23. Rd3 Kf7 24. h5 Rd7 25. Nde3 Rxd3 26. cxd3 Ke6 27. a3 Rd8 28. Kc2 Nd4+ 29. Kd1 Rb8 30. Nc2 Nc6 31. Ke2 a5 32. a4 f4 33. Kd2 Bd8 34. Ra1 Bc7 35. Rg1 Ne7 36. g4 Kf6 37. N2a3 Nc6 38. Nb5 Rb7 39. Kc3 Bb8 40. Nd2 Nd4 41. Ne4+ Ke7 42. Nxd4 cxd4+ 43. Kc2 Rb6 44. Rc1 Bd6 45. Kb1 Kd7 46. Rc4 Be7 47. Kc2 g6 48. hxg6 Rxg6 49. Kd1 h5 50. gxh5 Rh6 51. Rc2 Rxh5 52. Rg2 Rh1+ 53. Kc2 Rh3 54. Nd2 Bb4 55. Nc4 Ke6 56. Rf2 Kf6 57. Kd1 Rh1+ 58. Kc2 Re1 59. Nb6 Bd6 60. Kb3 Kg5 61. Rg2+ Kh4 62. Kc4 Re3 63. Kd5 Rxf3 64. Kxd6 Re3 65. Nc4 f3 66. Rg8 f2 67. Rf8 Kg3 68. Nxe5 Re1 69. Kd5 f1=Q 70. Rxf1 Rxf1 71. Kxd4 Rf4+ 72. Kc5 Rxa4 73. Nc4 Kf4 74. d4 Ra1 75. d5 Kf5 76. b3 a4 77. bxa4 Rxa4 78. d6 Ke6 79. d7 Kxd7 80. Nb6+ Ke6 81. Nxa4 1/2-1/2

[Event "GCT Superbet Blitz Poland 2025"]
[Site "Warsaw"]
[Date "2025.04.28"]
[Round "17"]
[White "Topalov, Veselin"]
[Black "Gavrilescu, David"]
[Result "1-0"]
[ECO "A13"]
[WhiteElo "2717"]
[BlackElo "2554"]
[Annotator "ChessBase"]
[PlyCount "71"]
[EventDate "2025.??.??"]
[EventType "blitz"]
[TimeControl "300+2"]

1. c4 e6 2. Nf3 d5 3. e3 Nf6 4. b3 Bd6 5. d4 b6 6. Bb2 O-O 7. Nc3 Bb7 8. cxd5 exd5 9. g3 $146 ({RR} 9. Bd3 Ne4 10. O-O a6 11. Qc2 Re8 12. Ne5 Nd7 13. Nxe4 dxe4 14. Bxe4 Bxe4 15. Qxe4 Qe7 16. Rac1 Nxe5 17. dxe5 Bxe5 18. Qxe5 Qxe5 19. Bxe5 Rxe5 20. Rxc7 Rd8 21. Rfc1 Kf8 22. g3 Rd2 23. R1c2 Red5 {Medvegy,Z (2527)-Fischer,D (2276) Tornelo INT 2021 1-0 (60)}) ({RR} 9. Bd3 Ne4 10. O-O a6 11. Qc2 Re8 12. Ne5 Nd7 13. Nxe4 dxe4 14. Bxe4 Bxe4 15. Qxe4 Qe7 16. Rac1 Nxe5 17. dxe5 Bxe5 18. Qxe5 Qxe5 19. Bxe5 Rxe5 20. Rxc7 Rd8 21. Rfc1 Kf8 22. g3 Rd2 23. R1c2 Red5 {Medvegy,Z (2527)-Fischer,D (2276) Tornelo INT 2021 1-0 (60)}) 9... Re8 10. Bg2 Ba6 11. a3 Nc6 12. b4 Ne7 13. b5 Bb7 14. O-O a6 15. a4 Ng6 16. Qb3 Qd7 17. Rfc1 h5 18. bxa6 Rxa6 19. Nb5 Ne4 20. Nxd6 Qxd6 21. Ne5 Nxe5 22. dxe5 Qd7 23. a5 h4 24. f3 Ng5 25. gxh4 Nh3+ 26. Kf1 d4 27. Bxd4 c5 28. Bb2 Qf5 29. Qc2 Qc8 30. axb6 Rxb6 31. Ra4 Ba6+ 32. Ke1 Ng1 33. Kf2 Nh3+ 34. Kg3 Rg6+ 35. Rg4 Rxg4+ 36. fxg4 1-0

[Event "GCT Superbet Blitz Poland 2025"]
[Site "Warsaw"]
[Date "2025.04.30"]
[Round "18"]
[White "Firouzja, Alireza"]
[Black "Fedoseev, Vladimir"]
[Result "0-1"]
[ECO "B30"]
[WhiteElo "2757"]
[BlackElo "2739"]
[Annotator "ChessBase"]
[PlyCount "74"]
[EventDate "2025.??.??"]
[EventType "blitz"]
[TimeControl "300+2"]

1. e4 c5 2. Nf3 Nc6 3. Bb5 Nf6 4. Bxc6 dxc6 5. d3 Qc7 6. b3 g6 ({RR} 6... e5 7. Bb2 Bd6 8. Nbd2 Be6 9. a4 Nd7 10. O-O Nf8 11. Nc4 Bxc4 12. bxc4 Ne6 13. Nh4 g6 14. f4 Rg8 15. f5 gxf5 16. Nxf5 O-O-O 17. a5 Nd4 18. Bxd4 exd4 19. Qh5 Be5 20. Nh6 Rg7 21. Nxf7 {Smirnov,M (2336)-Urazayev,A (2448) chess.com INT 2025 1-0}) 7. Bb2 Bg7 8. Nbd2 O-O 9. Qe2 $146 ({RR} 9. O-O b5 10. a4 a5 11. Ra2 Rd8 12. Qa1 Ne8 13. e5 e6 14. Bc3 b4 15. Bb2 Ba6 16. Qe1 Bf8 17. Ne4 Rd5 18. Qe3 Rad8 19. h4 Bxd3 20. cxd3 Rxd3 21. Qc1 Qe7 22. Qc4 R3d5 23. Bc1 h6 {Vrnata,J (2042)-Palla,R (1719) Nachod 2013 1-0 (37)}) ({RR} 9. O-O Bg4 10. h3 Bxf3 11. Nxf3 Rad8 12. Qe2 Nh5 13. e5 Nf4 14. Qe4 Ne6 15. Rae1 Rd5 16. a4 Rfd8 17. Qg4 b6 18. Re4 Nd4 19. Bxd4 cxd4 20. Rfe1 c5 21. Qg3 e6 22. h4 h5 23. Ng5 a6 {Caruana,F (2796)-Vakhlamov,I (2413) chess.com INT 2024 1-0 (39)}) ({RR} 9. O-O Bg4 10. h3 Bxf3 11. Nxf3 Rad8 12. Qe2 Nh5 13. e5 Nf4 14. Qe4 Ne6 15. Rae1 Rd5 16. a4 Rfd8 17. Qg4 b6 18. Re4 Nd4 19. Bxd4 cxd4 20. Rfe1 c5 21. Qg3 e6 22. h4 h5 23. Ng5 a6 {Caruana,F (2796)-Vakhlamov,I (2413) chess.com INT 2024 1-0 (39)}) 9... a5 10. a4 Nh5 11. Bxg7 Kxg7 12. Qe3 Nf4 13. O-O b6 14. Nc4 Rb8 15. Nfe5 Ne6 16. f4 b5 17. Nxa5 Qxa5 18. Nxc6 Qc7 19. Nxb8 b4 20. Rac1 Qxb8 21. c3 bxc3 22. Rxc3 Qb4 23. Rfc1 Ba6 24. h4 Qd4 25. Qxd4+ cxd4 26. Rc6 Nxf4 27. Rd1 Bxd3 28. b4 Bxe4 29. Rc7 Nd5 30. Rc5 e5 31. a5 Nxb4 32. Rxe5 Bc2 33. Rd2 d3 34. Rc5 Re8 35. Kf2 Re6 36. Rc4 Nd5 37. Rd4 Nc3 0-1